 Dungeon Crawl Stone Soup version 0.32-a0-607-g64ea0e4219 (webtiles) character file.

Game seed: 2674138956618417813

32 SweBe the Chopper (level 3, 0/28 HPs)
             Began as a Barachi Reaver on Mar 4, 2024.
             Slain by a ribbon worm (2 damage)
             ... on level 2 of the Dungeon.
             The game lasted 00:10:30 (748 turns).

SweBe the Chopper (Barachi Reaver)                   Turns: 748, Time: 00:10:30

Health: 0/28       AC:  5    Str: 15    XL:     3   Next: 25%
Magic:  6/6        EV: 11    Int: 13    God:
Gold:   38         SH:  0    Dex: 10    Spells: 5/6 levels left

rFire   . . .        a - +0 hand axe
rCold   . . .        (no shield)
rNeg    . . .        h - +0 ring mail
rPois   .            (no helmet)
rElec   .            (no cloak)
rCorr   .            (no gloves)
SInv    .            (no boots)
Will    .....        (no amulet) Stlth
                     (no ring)
HPRegen 0.24/turn    (no ring)
MPRegen 0.10/turn

%: no passive effects
@: brilliant, attractive, slow
A: amphibious, slowness 1, strong legs 1, +LOS
a: Hop


You were on level 2 of the Dungeon.
You visited 1 branch of the dungeon, and saw 2 of its levels.

You collected 38 gold pieces.

Inventory:

Hand Weapons
 a - a +0 hand axe (weapon)
 c - a +0 whip
 d - a +0 dagger
 e - a +0 club
 j - a +0 dagger
 l - a +0 dagger
 m - a +0 short sword
 o - a +0 dagger
 q - a +0 club
Missiles
 g - 6 atropa-tipped darts
Armour
 b - a +0 leather armour
 h - a +0 ring mail (worn)
 k - a +0 leather armour
Potions
 p - a potion of mutation {unknown}


   Skills:
 + Level 2.5 Fighting
 + Level 4.0 Axes
 + Level 1.0 Armour
 + Level 2.2 Dodging
 + Level 2.2 Spellcasting
 + Level 3.7 Conjurations


You had 5 spell levels left.
You knew the following spells:

 Your Spells              Type           Power      Damage    Failure   Level
a - Kiss of Death         Conj/Necr      36%        2d8       22%         1

Your spell library contained the following spells:

 Spells                   Type           Power      Damage    Failure   Level
 Momentum Strike          Conj/Tloc      18%        3d8       34%         2
 Hailstorm                Conj/Ice       9%         3d6       56%         3


Dungeon Overview and Level Annotations

Branches:
Dungeon (2/15)

Altars:


Innate Abilities, Weirdness & Mutations

You are amphibious.
You cover ground slowly.
You can hop short distances.
You have an extended range of vision and can be seen from far away.


Message History

* * * LOW HITPOINT WARNING * * *
The jackal closely misses you.
It was a potion of brilliance.
You feel clever all of a sudden. The jackal closely misses you.
You hit the jackal.
The jackal is almost dead.
The jackal bites you but does no damage. x2
You hit the jackal.
You kill the jackal!
You hit the jackal.
The jackal is lightly wounded.
The jackal bites you.
* * * LOW HITPOINT WARNING * * *
The jackal barely misses you.
You barely miss the jackal.
The jackal is lightly wounded.
The jackal bites you but does no damage.
The jackal bites you.
* * * LOW HITPOINT WARNING * * *
It was a potion of attraction.
You feel attractive to monsters.
You hit the ribbon worm.
The ribbon worm is moderately wounded.
You hit the ribbon worm.
The ribbon worm is moderately wounded.
The ribbon worm expels a string of sticky webbing.
The stream of webbing hits you but does no damage.
You are caught in a web!
You struggle to detach yourself from the web.
The ribbon worm bites you.
* * * LOW HITPOINT WARNING * * *
The web tears apart.
You barely miss the ribbon worm.
The ribbon worm is moderately wounded.
The ribbon worm misses you.
You slash the ribbon worm!
The ribbon worm is severely wounded.
The ribbon worm bites you.
You die...

### ### ## #.############ #.#
#. ..#..........# #.## #.
#.#.########.# #... #.
#.#........#.# #.##
#######.##.########.#.# #.#.
........†)hw@.......#.# #.#.
.:.......#w#######..#.# #.#.
.........#.# ###..#.# #.#.
.........#.# ....#.# #.#.
........$<.# ##.##.# #.#.
.............# #.....####†#.
.......$..#######........#.#.
..........$ ........####.#.#.
........[.#..........(...#.#.


You could see a ribbon worm (catching breath), a dart slug and a jackal.

Vanquished Creatures
  An adder (D:2)
  An orc (D:2)
  2 bats
  An endoplasm (D:1)
  A giant cockroach (D:2)
  3 goblins (D:2)
  A jackal (D:2)
  3 kobolds
  2 quokkas (D:2)
  A frilled lizard (D:1)
  4 rats (D:1)
20 creatures vanquished.

Notes
Turn   | Place    | Note
-------+----------+-------------------------------------------
     0 | D:1      | SweBe the Barachi Reaver began the quest for the Orb.
     0 | D:1      | Reached XP level 1. HP: 17/17 MP: 3/3
   167 | D:1      | Reached XP level 2. HP: 23/23 MP: 5/5
   626 | D:2      | Reached skill level 4 in Axes
   626 | D:2      | Reached XP level 3. HP: 28/28 MP: 6/6
   723 | D:2      | Reached skill level 1 in Armour
   745 | D:2      | HP: 1/28 [ribbon worm (5)]
   748 | D:2      | Slain by a ribbon worm

Illustrated notes

Levels and vault maps discovered:
D:1:      sevenhm_arrival_forest_fort_large_4, layout_basic,
          hellmonk_ecumenical_altar_heavens_door
D:2:      layout_basic, nicolae_houndstooth_variations

Skill      XL: |  1  2  3 |
---------------+----------+-----
Axes           | 4 |  4.0
Armour         | 1 |  1.0
Fighting       | |  2.5
Dodging        | |  2.2
Spellcasting   | |  2.2
Conjurations   | |  3.7

Action                     || total
---------------------------++-------
  Melee: Hand axe          ||    82
    Use: Scroll            ||     1
         Potion            ||     3
 Armour: Leather armour    ||    15
         Ring mail         ||    50
  Dodge: Dodged            ||    55

Table legend: (Time is in decaauts)
 A = Elapsed time spent in this place.
 B = Non-inter-level travel time spent in this place.
 C = Inter-level travel time spent in this place.
 D = Time resting spent in this place.
 E = Time spent auto-exploring this place.
 F = Levels seen in this place.
 G = Mean time per level.
                   A        B        C        D        E       F      G
               +--------+--------+--------+--------+--------+-----+--------+
         Total |    881 |    877 |      4 |      0 |      0 |   2 |  440.5 |
       Dungeon |    881 |    877 |      4 |      0 |      0 |   2 |  440.5 |
               +--------+--------+--------+--------+--------+-----+--------+

Top non-repeatable levels by time:
     D:1: 450 daAuts
     D:2: 430 daAuts
